 Dungeon Crawl Stone Soup version 0.30.0-18-gc0e69614cb (webtiles) character file.

Game seed: 9549521912826472860

2549 McKennaii the Destroyer (level 9, -16/62 HPs)
             Began as a Demigod Conjurer on May 25, 2023.
             Killed from afar by a deep elf pyromancer (27 damage)
             ... with a bolt of fire
             ... on level 8 of the Dungeon.
             The game lasted 00:15:14 (10436 turns).

McKennaii the Destroyer (Demigod Conjurer)         Turns: 10436, Time: 00:15:15

Health: -16/62     AC: 10    Str:  8    XL:     9   Next: 9%
Magic:  20/23      EV: 25    Int: 32    God:
Gold:   381        SH:  0    Dex: 12    Spells: 10/22 levels left

rFire   . . .        z - staff of air
rCold   . . .        (no shield)
rNeg    . . .        h - +3 ring mail "Ifesunan" {Regen+}
rPois   .            g - +0 helmet
rElec   +            r - scarf {+Inv}
rCorr   +            J - +0 pair of gloves
SInv    .            (no boots)
Will    .....        k - amulet of the acrobat
Stlth   +            a - ring of wizardry
HPRegen 1.10/turn    y - ring of resist corrosion
MPRegen 0.18/turn

%: acrobat, wizardry (x1)
@: acrobatic
A: high MP 1, forlorn, divine attributes
a: Evoke Invisibility


You were on level 8 of the Dungeon.
You visited 1 branch of the dungeon, and saw 8 of its levels.
You also visited: Sewer.

You collected 426 gold pieces.
You spent 45 gold pieces at shops.

Inventory:

Hand Weapons
 m - a +0 short sword of speed
Armour
 g - a +0 helmet (worn)
 h - the +3 ring mail "Ifesunan" (worn) {Regen+}
   (You found it on level 2 of the Dungeon)

   Regen:     It increases your rate of health regeneration.
 r - a scarf of invisibility (worn)
 J - a +0 pair of gloves (worn)
Magical Staves
 z - a staff of air (weapon)
Jewellery
 a - a ring of wizardry (left hand)
 k - an amulet of the acrobat (around neck)
 y - a ring of resist corrosion (right hand)
Wands
 D - a wand of paralysis (3)
 F - a wand of polymorph (7)
 H - a wand of flame (11)
 I - a wand of mindburst (12)
Scrolls
 c - 2 scrolls of fog {unknown}
 l - a scroll of summoning {unknown}
 n - 12 scrolls of identify {unknown}
 o - a scroll of silence
 s - a scroll of vulnerability {unknown}
 u - 2 scrolls of blinking {unknown}
 v - a scroll of fear {unknown}
 w - 2 scrolls of brand weapon {unknown}
 C - 3 scrolls of teleportation
 E - 3 scrolls of poison
Potions
 b - 3 potions of magic
 d - 5 potions of brilliance
 e - 4 potions of curing {unknown}
 f - 4 potions of heal wounds
 i - 2 potions of mutation {unknown}
 j - 3 potions of haste {unknown}
 p - a potion of experience {unknown}
 q - a potion of resistance {unknown}
 t - a potion of might {unknown}
 x - 3 potions of flight {unknown}
 A - 2 potions of degeneration {unknown}
 B - a potion of ambrosia
 G - 2 potions of attraction {unknown}


   Skills:
 - Level 1.7 Dodging
 - Level 1.7 Stealth
 + Level 7.0 Spellcasting
 + Level 8.3 Conjurations
 + Level 4.8 Air Magic


You had 10 spell levels left.
You knew the following spells:

 Your Spells              Type           Power      Damage    Failure   Level
a - Magic Dart            Conj           100%       1d8       1%          1
b - Searing Ray           Conj           100%       2d8       1%          2
c - Iskenderun's Mystic   Conj/Tloc      37%        2d9       9%          4
s - Arcjolt               Conj/Air       34%        1d44      10%         5

Your spell library contained the following spells:

 Spells                   Type           Power      Damage    Failure   Level
 Dazzling Flash           Conj/Hex       74%        N/A       2%          3
 Apportation              Tloc           22%        N/A       5%          1
 Necrotise                Necr           44%        1d6       5%          1
 Summon Small Mammal      Summ           44%        N/A       5%          1
 Vhi's Electric Charge    Tloc/Air       78%        N/A       6%          3
 Ensorcelled Hibernation  Hex/Ice        22%        N/A       8%          2
 Fulminant Prism          Conj/Hex       18%        3d10      9%          4
 Spider Form              Tmut/Pois      11%        N/A       16%         3
 Anguish                  Hex/Necr       5%         N/A       43%         4
 Maxwell's Capacitive Co  Air            29%        ∞         100%        8


Dungeon Overview and Level Annotations

Branches:
Dungeon (8/15)             Temple (0/1) D:5           Sewer (visited)
   Lair: D:8-11

Shops:
D:4 =   D:6 ?

Annotations:
D:6 2 transporters, libidonplus's ghost, novice FoFi
D:8 2 transporters


Innate Abilities, Weirdness & Mutations

You have an increased reservoir of magic. (+10% MP)
You shall have no god before yourself.
Your divine heritage dramatically boosts your attributes as you level up.


Message History

Your Spellcasting skill increases to level 7!
A deep elf pyromancer comes into view. It is wielding a +0 long sword.
Found 3 poisoned darts.
The deep elf pyromancer shouts!
Aiming: Mindburst
Press: ? - help, Shift-Dir - straight line, f - deep elf pyromancer
Aim: a deep elf pyromancer, wielding a +0 long sword and wearing a +0 leather armour (chance to affect: 47%)
The deep elf pyromancer's mind is blasted!
Unknown command.
Aiming: Mindburst
Press: ? - help, Shift-Dir - straight line, f/p - deep elf pyromancer
Aim: a deep elf pyromancer, wielding a +0 long sword and wearing a +0 leather armour (lightly wounded, chance to affect: 47%)
The deep elf pyromancer's mind is blasted!
The deep elf pyromancer casts a spell.
Unknown command.
Casting: Searing Ray (safe; 1% risk of failure)
Confirm with . or Enter, or press ? or * to list all spells.
Aiming: Searing Ray (safe; 1% risk of failure)
Press: ? - help, Shift-Dir - straight line, f/p - deep elf pyromancer
Aim: a deep elf pyromancer, wielding a +0 long sword and wearing a +0 leather armour (heavily wounded, 76% to hit)
The searing ray hits the fire elemental.
The fire elemental is lightly damaged.
The searing ray hits the deep elf pyromancer.
The deep elf pyromancer is heavily wounded. (Press . to maintain the ray.)
The fire elemental hits you. The fire elemental burns you!
The deep elf pyromancer points at you and mumbles some strange words.
The bolt of fire hits the fire elemental.
The fire elemental completely resists.
The bolt of fire hits you!!!
Ouch! That really hurt!
Unknown command.
The searing ray hits the fire elemental.
The fire elemental is moderately damaged.
The searing ray misses the deep elf pyromancer.
The fire elemental hits you. The fire elemental burns you!
* * * LOW HITPOINT WARNING * * *
The deep elf pyromancer gestures at you while chanting.
The bolt of fire hits the fire elemental.
The fire elemental completely resists.
The bolt of fire hits you!!
You die...

######.#...###g©.#
####.#..## )...
#.##.#..# ...
#(##.+.## ... +
#.##...#
#.#e##..©# ###
#.#°##...#
...#..E# #)###@#
#.....# #.#.###
...###... #.#.#
....#### #.#.#
#....... #.#.#
#...... #.#.#
#.....# #...#
#.....# ###.#
#.....#


You could see a deep elf pyromancer and a fire elemental (summoned).

Vanquished Creatures
  Sigmund (D:2)
  4 orc warriors
  2 black bears
  3 centaurs
  3 bullfrogs
  A gnoll sergeant (D:8)
  4 wights
  5 orc priests
  A gnoll bouda (D:8)
  6 hounds
  3 jellies
  3 iguanas
  8 orc wizards
  A sleepcap (D:6)
  Robin (D:2)
  11 gnolls
  3 adders
  6 river rats (Sewer)
  A shadow imp (D:5)
  2 white imps (D:6)
  An ufetubus (D:4)
  2 worms
  4 dart slugs
  17 orcs
  8 bats
  7 endoplasms
  6 giant cockroaches
  11 goblins
  12 hobgoblins
  18 kobolds
  4 quokkas
  15 ball pythons
  2 frilled lizards (D:2)
  19 rats
195 creatures vanquished.

Vanquished Creatures (others)
  An orc wizard (D:6)
1 creature vanquished.

Grand Total: 196 creatures vanquished

Notes
Turn   | Place    | Note
-------+----------+-------------------------------------------
     0 | D:1      | McKennaii the Demigod Conjurer began the quest for the Orb.
     0 | D:1      | Reached XP level 1. HP: 14/14 MP: 5/5
   263 | D:1      | Reached XP level 2. HP: 14/20 MP: 0/7
   567 | D:1      | Reached skill level 4 in Conjurations
  1569 | D:1      | Learned a level 2 spell: Searing Ray
  1592 | D:2      | Reached XP level 3. HP: 26/26 MP: 6/9
  1701 | D:2      | Noticed Robin
  1791 | D:2      | Killed Robin
  1880 | D:2      | Identified the +3 ring mail "Ifesunan" {Regen+}
  2372 | D:2      | Noticed Sigmund
  2386 | D:2      | Killed Sigmund
  2387 | D:2      | Reached skill level 5 in Conjurations
  2387 | D:2      | Reached XP level 4. HP: 10/33 MP: 0/12
  2387 | D:2      | Reached XP level 5. HP: 11/38 MP: 0/13
  2626 | D:2      | Identified the +0 leather armour "Cennun" {+Inv rElec}
  3298 | D:3      | Found a glowing drain.
  3310 | Sewer    | Entered a sewer
  3704 | Sewer    | Reached XP level 6. HP: 34/45 MP: 2/15
  4538 | D:3      | Learned a level 4 spell: Iskenderun's Mystic Blast
  5235 | D:4      | Found Qeoluman's Jewellery Boutique.
  5879 | D:5      | Entered Level 5 of the Dungeon
  5884 | D:5      | Found a staircase to the Ecumenical Temple.
  6017 | D:5      | Reached skill level 6 in Conjurations
  6272 | D:5      | Reached skill level 5 in Spellcasting
  6272 | D:5      | Reached XP level 7. HP: 29/50 MP: 3/17
  6875 | D:6      | Found a transporter.
  6889 | D:6      | Learned a level 5 spell: Arcjolt
  6931 | D:6      | Found a transporter.
  6940 | D:6      | Noticed libidonplus's ghost (novice FoFi)
  6949 | D:6      | Noticed a hornet
  6952 | D:6      | Found Ogurch's Magic Scroll Boutique.
  6960 | D:6      | Bought a scroll of teleportation for 45 gold pieces
  7639 | D:6      | Reached skill level 1 in Air Magic
  8154 | D:7      | Reached skill level 7 in Conjurations
  8432 | D:7      | Reached XP level 8. HP: 57/57 MP: 14/20
  9842 | D:8      | Found a transporter.
  9848 | D:8      | Found a transporter.
  9848 | D:8      | Noticed a two-headed ogre
  9872 | D:8      | Reached skill level 8 in Conjurations
 10219 | D:8      | Reached XP level 9. HP: 62/62 MP: 18/23
 10431 | D:8      | Noticed a deep elf pyromancer
 10436 | D:8      | Killed from afar by a deep elf pyromancer

Illustrated notes

Levels and vault maps discovered:
D:1:      psy_arrival_spokes, layout_basic
D:2:      minmay_inner_zag, layout_loops_ring, uniq_robin, uniq_sigmund
D:3:      layout_loops_cross, gup_sewer_entry_bowl
D:4:      layout_cave_pods, serial_shops, shop, grunt_decor_junction
D:5:      layout_gridville, zin_treasury, minmay_temple_entry_from_below_a,
          minmay_misc_feat_rows
D:6:      layout_loops_ring, gammafunk_ghost_hive, serial_shops, shop
D:7:      layout_cave_pods
D:8:      layout_basic, cheibrodos_ashenzari_chains,
          gammafunk_ghost_wrathful_warriors, wad_mini_maze

Skill      XL: |  1  2  3  4  5  6  7  8  9 |
---------------+----------------------------+-----
Spellcasting   | 2 3 4 5 6 7 |  7.0
Conjurations   | 4 5 6 7 8 |  8.3
Air Magic      | 2 4 |  4.8
Dodging        | |  1.7
Stealth        | |  1.7

Action                     |  1- 3 |  4- 6 |  7- 9 || total
---------------------------+-------+-------+-------++-------
  Melee: Unarmed           |     2 |       |       ||     2
         Short sword       |       |    17 |       ||    17
         Staff             |       |       |     4 ||     4
   Cast: Magic Dart        |   110 |   115 |   103 ||   328
         Searing Ray       |     3 |    19 |    44 ||    66
         Iskenderun's Myst |       |       |     5 ||     5
  Evoke: Wand              |       |       |     2 ||     2
    Use: Scroll            |       |     2 |       ||     2
         Potion            |       |       |     2 ||     2
 Armour: Robe              |     5 |     5 |       ||    10
         Ring mail         |       |     3 |    22 ||    25
  Dodge: Dodged            |    21 |    33 |    84 ||   138
